 Dungeon Crawl Stone Soup version 0.30-a0-782-ge64f9170bb (webtiles) character file.

Game seed: 18182977875556354432

420461 Majang the Executioner (level 22, 0/192 (201) HPs)
             Began as a Minotaur Fighter on Feb 22, 2023.
             Was the Champion of Makhleb.
             Slain by a green draconian monk (1 damage)
             ... while petrified
             ... on level 1 of the Realm of Zot on Feb 23, 2023.
             The game lasted 03:55:49 (49067 turns).

Majang the Executioner (Minotaur Fighter)          Turns: 49067, Time: 03:55:50

HP:   0/192 (201)   AC: 35    Str: 35      XL:     22   Next: 32%
MP:   1/31          EV:  2    Int:  4 (7)  God:    Makhleb [******]
Gold: 2146          SH:  0    Dex: 16      Spells: 21/21 levels left

rFire   + + .      SeeInvis .    a - +1 broad axe (heavy)
rCold   + . .      Faith    .    N - +2 kite shield {AC+3}
rNeg    + + +      Spirit   .    X - +0 gold dragon scales
rPois   ∞          Reflect  .    r - +2 hat {Will+}
rElec   .          Harm     .    S - +1 cloak of Starlight {*Dazzle EV+4 Stlth--}
rCorr   +          Rampage  .    p - +2 pair of gloves {Dex+3}
Will    ++...                    n - +1 pair of boots
Stlth   x                          - amulet of regeneration
HPRegen 1.32/turn                s - ring "Emamiz" {rF+ rCorr Int+2}
MPRegen 0.22/turn                V - +6 ring of strength

@: petrified, on berserk cooldown, slowed, lightly drained
A: horns 2, retaliatory headbutt
}: 3/15 runes: serpentine, barnacled, abyssal
a: Renounce Religion, Minor Destruction, Lesser Servant of Makhleb, Major
Destruction, Greater Servant of Makhleb


You were on level 1 of the Realm of Zot.
You worshipped Makhleb.
Makhleb was exalted by your worship.
You visited 10 branches of the dungeon, and saw 42 of its levels.
You visited the Abyss 1 time.
You also visited: Ossuary.

You collected 4805 gold pieces.
You spent 2659 gold pieces at shops.

Inventory:

Hand Weapons
 a - a +1 heavy broad axe (weapon)
 b - a +0 broad axe of flaming
 c - a +2 broad axe of protection
Missiles
 l - 8 throwing nets
 m - 38 boomerangs (quivered)
 y - 10 javelins
 O - 5 boomerangs of dispersal
 Q - 13 silver javelins
Armour
 n - a +1 pair of boots (worn)
 p - a +2 pair of gloves of dexterity (worn)
 r - a +2 hat of willpower (worn)
 N - a +2 kite shield of protection (worn)
 S - the +1 cloak of Starlight (worn) {*Dazzle EV+4 Stlth--}
   (You bought it in a shop on level 1 of the Snake Pit)

   *Dazzle:   It may blind those who miss an attack against the wearer in melee
   combat.
   EV:        It affects your evasion (+4).
   Stlth:     It makes you much less stealthy.
 X - +0 gold dragon scales (worn)
Jewellery
 e - a ring of protection from cold
 s - the ring "Emamiz" (left hand) {rF+ rCorr Int+2}
   (You bought it in a shop on level 11 of the Dungeon)

   [ring of protection from fire]

   Int:       It affects your intelligence (+2).
   rF:        It protects you from fire.
   rCorr:     It protects you from acid and corrosion.
 x - an amulet of regeneration (around neck)
 K - a ring of protection from fire
 P - an amulet of magic regeneration
 T - a ring of protection from cold
 U - a ring of see invisible
 V - a +6 ring of strength (right hand)
Wands
 f - a wand of mindburst (10)
 q - a wand of polymorph (24)
 t - a wand of quicksilver (8)
 v - a wand of flame (107)
 E - a wand of charming (53)
 H - a wand of digging (7)
 R - a wand of roots (14)
Scrolls
 d - 10 scrolls of teleportation
 h - 8 scrolls of poison
 u - 5 scrolls of fear
 G - 8 scrolls of magic mapping
 I - a scroll of butterflies
 L - 3 scrolls of fog
 Y - 6 scrolls of blinking
Potions
 g - 7 potions of mutation
 i - 4 potions of ambrosia
 j - 20 potions of curing
 k - 5 potions of flight
 o - 3 potions of haste
 w - 6 potions of cancellation
 z - 2 potions of might
 A - 6 potions of heal wounds
 B - 8 potions of lignification
 C - a potion of resistance
 Z - 2 potions of invisibility
Miscellaneous
 D - a phial of floods
 F - a condenser vane
 J - a lightning rod (4/4)


   Skills:
 + Level 17.6 Fighting
 * Level 23.6 Axes
 + Level 14.3 Throwing
 + Level 17.2 Armour
 + Level 15.4 Dodging
 + Level 17.3 Shields
 + Level 13.8 Invocations
 + Level 13.0 Evocations


You had 21 spell levels left.
You didn't know any spells.
Your spell library contained the following spells:

 Spells                   Type           Power      Damage    Failure   Level
 Foxfire                  Conj/Fire      0%         2x1d4     100%        1
 Kiss of Death            Conj/Necr      0%         2d5       100%        1
 Magic Dart               Conj           0%         1d3       100%        1
 Necrotise                Necr           0%         1d4       100%        1
 Shock                    Conj/Air       0%         1d3       100%        1
 Summon Small Mammal      Summ           0%         N/A       100%        1
 Call Imp                 Summ           0%         N/A       100%        2
 Cigotuvi's Dreadful Rot  Necr/Pois/Air  0%         N/A       100%        2
 Searing Ray              Conj           0%         2d4       100%        2
 Sublimation of Blood     Necr           0%         N/A       100%        2
 Wereblood                Tmut           0%         N/A       100%        2
 Call Canine Familiar     Summ           0%         N/A       100%        3
 Gell's Gravitas          Tloc           0%         N/A       100%        3
 Ignite Poison            Fire/Tmut/Pois 0%         N/A       100%        3
 Inner Flame              Hex/Fire       0%         N/A       100%        3
 Kindle Blastsparks       Fire/Tloc/Air  0%         2d10      100%        3
 Mephitic Cloud           Conj/Pois/Air  0%         N/A       100%        3
 Ozocubu's Armour         Ice            0%         N/A       100%        3
 Summon Guardian Golem    Hex/Summ       0%         N/A       100%        3
 Swiftness                Air            0%         N/A       100%        3
 Teleport Other           Tloc           0%         N/A       100%        3
 Vampiric Draining        Necr           0%         2d6       100%        3
 Airstrike                Air            0%         2d(0-16)  100%        4
 Animate Dead             Necr           0%         N/A       100%        4
 Dispel Undead            Necr           0%         3d6       100%        4
 Flame Wave               Conj/Fire      0%         2d4       100%        4
 Passage of Golubria      Tloc           0%         N/A       100%        4
 Petrify                  Tmut/Erth      0%         N/A       100%        4
 Sticky Flame             Conj/Fire      0%         2d3       100%        4
 Summon Ice Beast         Ice/Summ       0%         N/A       100%        4
 Summon Lightning Spire   Summ/Air       0%         N/A       100%        4
 Agony                    Necr           0%         N/A       100%        5
 Borgnjor's Vile Clutch   Necr/Erth      0%         N/A       100%        5
 Fireball                 Conj/Fire      0%         3d3       100%        5
 Freezing Cloud           Conj/Ice/Air   0%         6-21      100%        5
 Irradiate                Conj/Tmut      0%         3d11      100%        5
 Lightning Bolt           Conj/Air       0%         1d11      100%        5
 Metabolic Englaciation   Hex/Ice        0%         N/A       100%        5
 Silence                  Hex/Air        0%         N/A       100%        5
 Summon Mana Viper        Hex/Summ       0%         N/A       100%        5
 Death Channel            Necr           0%         N/A       100%        6
 Dispersal                Tloc           0%         N/A       100%        6
 Simulacrum               Ice/Necr       0%         N/A       100%        6
 Starburst                Conj/Fire      0%         6d3       100%        6
 Malign Gateway           Summ/Tloc      0%         N/A       100%        7
 Monstrous Menagerie      Summ           0%         N/A       100%        7
 Summon Hydra             Summ           0%         N/A       100%        7
 Lehudib's Crystal Spear  Conj/Erth      0%         10d2      100%        8
 Summon Horrible Things   Summ           0%         N/A       100%        8


Dungeon Overview and Level Annotations

Branches:
Dungeon (15/15)            Temple (1/1) D:7            Lair (5/5) D:9
 Shoals (4/4) Lair:3        Snake (4/4) Lair:2        Slime (0/5) Lair:4
    Orc (2/2) D:12            Elf (2/3) Orc:2        Vaults (4/5) D:13
  Crypt (0/3) Vaults:3     Depths (4/4) D:15            Zot (1/5) Depths:4
Ossuary (visited)

Altars:
Ashenzari
Cheibriados
Dithmenos
Elyvilon
Fedhas
Gozag
Hepliaklqana
Kikubaaqudgha
Makhleb
Nemelex Xobeh
Okawaru
Qazlal
Ru
Sif Muna
Trog
Uskayaw
Vehumet
Wu Jian
Xom
Yredelemnul
Zin
The Shining One
Jiyva

Shops:
D:2 (   D:8 :   D:11 =   Orc:2 *=:(   Elf:1 [[   Snake:1 [   Snake:2 ==:
Snake:3 **(   Vaults:1 [

Portals:
Hell: Depths:1 Depths:2 Depths:3 Depths:4
Abyss: Depths:1 Depths:3
Pandemonium: Depths:2 Depths:3
Ziggurat: Depths:3
Trove: D:14 (give 12 potions of heal wounds)

Annotations:
Zot:1 1 transporter


Innate Abilities, Weirdness & Mutations

You have a pair of horns on your head.
You reflexively headbutt those who attack you in melee.


Message History

* * * LOW HITPOINT WARNING * * *
The green draconian monk tail-slaps you but does no damage.
The curse toe gestures.
The death cob hits you but does no damage.
The death cob hits you.
* * * LOW HITPOINT WARNING * * *
The death cob drains your vigour!
You feel as though you will be slow longer.
The green draconian monk hits you.
* * * LOW HITPOINT WARNING * * *
The green draconian monk kicks you but does no damage.
The green draconian monk tail-slaps you but does no damage. x2
The death cob hits you but does no damage.
The green draconian monk hits you!
* * * LOW HITPOINT WARNING * * *
The green draconian monk kicks you.
* * * LOW HITPOINT WARNING * * *
The green draconian monk tail-slaps you but does no damage.
The green draconian monk tail-slaps you!
* * * LOW HITPOINT WARNING * * *
The wandering mushroom releases spores at you but does no damage.
The wandering mushroom releases spores at you!
* * * LOW HITPOINT WARNING * * *
You are no longer berserk.
You feel as though you will be slow longer.
The death cob hits you but does no damage. x2
The green draconian monk hits you but does no damage.
The green draconian monk kicks you!
* * * LOW HITPOINT WARNING * * *
The green draconian monk tail-slaps you!
* * * LOW HITPOINT WARNING * * *
The green draconian monk tail-slaps you.
* * * LOW HITPOINT WARNING * * *
The wandering mushroom releases spores at you but does no damage. x2
The death cob hits you but does no damage. x2
The green draconian monk hits you!!
* * * LOW HITPOINT WARNING * * *
The green draconian monk kicks you but does no damage.
The green draconian monk tail-slaps you.
You die...

......# #.# #.... # ......# #.#
####..#.## #### # ......# #.#
#....^#^^. #=^=###
......###.###^..#^^^#.q^ #.$^###
.....[##..###^..#^#.zy.^ +:^?###
......#..©###©.^.^.^#... #.$©###
..........###^..#d#^.... +=^?###
.........####^..#zyz# #.!.###
.........# #.^f@q# #=^$###
.........## ####^f# #### #
..........# ##... # ..........###
#^## ## ............## ## ######.
.............## #......
......###.....## ####### #......
......# #......####.....###......
......###########......###...####


You could see a green draconian monk (berserk), a purple draconian (berserk), a
curse toe, a death cob, a moth of wrath and 2 wandering mushrooms.

Vanquished Creatures
  Vashnia (Snake:2)
  Xtahua (Depths:3)
  Saint Roka (Vaults:1)
  the Enchantress (Depths:1)
  2 golden dragons (Depths:4)
  Jorgrun (Snake:3)
  A deep elf blademaster (Elf:2)
  A walking crystal tome (Depths:3)
  A tentacled monstrosity (Zot:1)
  A lich (Depths:3)
  A titan (Shoals:4)
  Asterion (Vaults:2)
  3 quicksilver dragons (Zot:1)
  A kraken (Shoals:4)
  A tentacled starspawn (Abyss:2)
  2 sphinxes
  Polyphemus (Shoals:3)
  A walking divine tome (Depths:3)
  Gastronok (Lair:1)
  2 shadow dragons
  The ghost of kuniqs the Meteoric Blade, an adept MeGl of Wu Jian (Snake:4)
  A tengu reaver (Depths:3)
  2 draconian monks
  2 storm dragons (Zot:1)
  4 nagarajas (Snake:4)
  Ilsuiw (Shoals:3)
  9 fire giants
  3 frost giants
  A draconian scorcher (Depths:4)
  7 vault wardens
  Aizul (Snake:1)
  4 spectral caustic shrikes (Depths:1)
  Louise (D:14)
  An orc warlord (Vaults:1)
  5 ironbound preservers
  3 reapers
  6 war gargoyles
  A draconian shifter (Zot:1)
  A deep elf elementalist (Elf:1)
  9 stone giants
  14 very ugly things
  3 ironbound thunderhulks
  3 spriggan defenders (Depths:1)
  A vampire knight (Depths:4)
  Nessos (Lair:3)
  A black draconian (Zot:1)
  2 red draconians (Zot:1)
  A deep elf demonologist (Elf:1)
  4 purple draconians
  4 yellow draconians (Zot:1)
  A deep elf annihilator (Elf:1)
  5 green draconians
  4 spark wasps
  A bunyip (Abyss:2)
  4 white draconians
  11 dire elephants
  A blizzard demon (Abyss:3)
  11 merfolk impalers
  3 crystal guardians (Vaults:4)
  An eidolon (Abyss:2)
  7 ettins
  7 merfolk javelineers
  8 yaktaur captains
  2 entropy weavers (Vaults:1)
  Fannar (Lair:2)
  4 great orbs of eyes
  9 fire dragons
  12 vault guards
  6 rakshasas
  A great orb of eyes (shapeshifter) (D:12)
  4 salamander tyrants
  6 peacekeepers
  A hydra (Lair:5)
  6 ice dragons
  2 spriggan air magi
  A merfolk avatar (Shoals:3)
  A hell beast (Depths:4)
  12 anacondas
  A spriggan skeleton (Depths:2)
  6 centaur warriors
  8 two-headed ogres
  13 ironbound frosthearts
  25 dancing weapons
  4 boulder beetles
  A satyr (Shoals:2)
  2 catoblepae
  4 merfolk aquamancers
  A death knight (D:13)
  A vampire mage (Depths:1)
  6 tengu warriors
  2 death yaks (Shoals:3)
  3 hell hogs (Depths:4)
  21 naga warriors
  5 orc high priests (Orc:2)
  5 deep troll earth magi
  7 shock serpents
  2 thrashing horrors (Abyss:2)
  The ghost of Viceroy the Cruncher, a novice FoFi of Uskayaw (D:8)
  2 soul eaters (Depths:4)
  6 spriggan berserkers
  10 deep elf knights
  2 hell knights (Depths:4)
  19 naga sharpshooters
  Sonja (Lair:1)
  A sun demon (Depths:4)
  Amaemon (Lair:1)
  Nergalle (Lair:3)
  A sixfirhy (Abyss:2)
  5 skysharks
  10 sea snakes
  A spatial maelstrom (Abyss:2)
  5 salamander mystics
  A wretched star (Abyss:2)
  3 iron trolls
  26 deep trolls
  A spark wasp zombie (Depths:2)
  A flayed ghost (Depths:3)
  Pikel (D:6)
  6 naga ritualists
  3 glowing orange brains
  11 lindwurms
  10 wizards
  A deep elf archer (Elf:2)
  3 orc knights (Vaults:1)
  10 ironbound convokers
  7 mana vipers
  29 harpies
  A tengu zombie (Depths:2)
  2 phantasmal warriors (D:13)
  19 deep elf zephyrmancers
  43 ugly things
  11 fauns
  2 necromancers
  28 deep elf pyromancers
  9 cyclopes
  3 orc sorcerers (Orc:2)
  A salamander (shapeshifter) (Depths:3)
  9 manticores
  21 salamanders
  9 moths of wrath (Zot:1)
  6 merfolk sirens
  24 black mambas
  13 naga magi
  4 guardian serpents
  2 molten gargoyles (Lair:5)
  A black mamba (shapeshifter) (Elf:1)
  48 slime creatures
  11 vault sentinels
  A centaur zombie (D:15)
  6 elephants (Lair:5)
  13 water nymphs
  8 cane toads
  A centaur skeleton (D:15)
  4 smoke demons
  A hellion (Depths:4)
  2 kobold demonologists
  A gargoyle (D:12)
  7 rime drakes
  2 orange demons
  5 unseen horrors
  2 efreet
  33 yaktaurs
  A yaktaur (shapeshifter) (Depths:3)
  6 komodo dragons
  A red devil (Depths:2)
  3 tengu conjurers
  An ancient zyme (Abyss:2)
  25 merfolk
  2 hornets
  A harpy skeleton (D:15)
  6 raiju
  4 trolls
  15 blink frogs
  7 wind drakes
  A fire giant simulacrum (Depths:2)
  25 dream sheep
  7 small abominations
  A jumping spider (shapeshifter) (Elf:1)
  6 snapping turtles
  2 centaur simulacra
  5 flying skulls (Abyss:2)
  A spriggan zombie (Depths:2)
  A spriggan (Depths:1)
  11 air elementals
  A ynoxinul (Abyss:2)
  2 shadows
  6 wraiths
  A slime creature (shapeshifter) (Depths:4)
  Sigmund (D:2)
  5 vampires
  2 wyverns (Lair:5)
  23 water elementals
  Eustachio (D:6)
  3 fire bats (Abyss:2)
  3 fire elementals
  21 yaks
  A redback (Vaults:2)
  Grum (Lair:1)
  3 starcursed masses (Abyss:2)
  A steam dragon (Lair:5)
  7 basilisks
  A steam dragon (shapeshifter) (D:15)
  13 vampire mosquitoes
  6 wargs
  4 chaos spawn (Depths:1)
  55 nagas
  An acid dragon (D:9)
  6 large abominations
  Duvessa (D:6)
  10 water moccasins
  4 hell hounds (Lair:5)
  A meliai simulacrum (D:12)
  32 orc warriors
  An ice beast (D:8)
  2 sky beasts
  A black bear (D:6)
  7 ogres
  6 boggarts
  8 centaurs
  23 wolves
  A lemure (D:6)
  7 kobold brigands
  An earth elemental (D:14)
  2 gnoll sergeants
  3 scorpions
  6 bullfrogs
  A glowing shapeshifter simulacrum (Vaults:1)
  2 necrophages
  8 wights
  6 killer bees
  Dowan (D:6)
  7 howler monkeys
  An electric eel (D:8)
  A quasit (Abyss:2)
  2 jellies
  4 lava snakes (Lair:5)
  2 hounds
  2 gnoll boudas
  27 orc priests
  An iron imp (D:9)
  Jessica (D:3)
  3 iguanas (D:5)
  33 orc wizards
  8 mummies (Ossuary)
  8 adders
  27 gnolls
  2 shadow imps
  2 white imps
  2 ufetubi (D:4)
  3 worms
  4 dart slugs
  109 orcs
  5 bats
  5 endoplasms
  2 giant cockroaches
  10 goblins
  6 hobgoblins
  12 jackals
  42 kobolds
  4 quokkas
  6 ball pythons
  5 frilled lizards
  3 hobgoblin zombies (Ossuary)
  A kobold zombie (Ossuary)
  4 orc zombies (Ossuary)
  5 rats
  2 bushes (D:1)
  A starspawn tentacle (Abyss:2)
  A tentacle (Shoals:4)
1700 creatures vanquished.

Vanquished Creatures (collateral kills)
  An eidolon (Abyss:3)
  A blizzard demon (Abyss:3)
  A smoke demon (Abyss:3)
  4 raiju (Abyss:3)
7 creatures vanquished.

Vanquished Creatures (others)
  A fire giant (Depths:2)
  A salamander tyrant (Snake:4)
  A soul eater (Depths:4)
  A wizard (Vaults:4)
  A harpy (Shoals:4)
  An ironbound convoker (Vaults:1)
  A boggart (D:15)
  An orc wizard (Orc:1)
  31 fungi
  138 plants
  3 starspawn tentacles (Abyss:2)
  8 tentacles (Shoals:4)
188 creatures vanquished.

Grand Total: 1895 creatures vanquished

Notes
Turn   | Place    | Note
-------+----------+-------------------------------------------
     0 | D:1      | Majang the Minotaur Fighter began the quest for the Orb.
     0 | D:1      | Reached XP level 1. HP: 19/19 MP: 0/0
   263 | D:1      | Reached skill level 3 in Axes
   265 | D:1      | Reached XP level 2. HP: 27/27 MP: 1/1
   303 | D:1      | Found a faded altar of an unknown god.
   867 | D:2      | Reached skill level 4 in Axes
   867 | D:2      | Reached XP level 3. HP: 31/33 MP: 2/2
   972 | D:2      | Noticed Sigmund
   979 | D:2      | Killed Sigmund
   980 | D:2      | Reached skill level 5 in Fighting
   980 | D:2      | Reached skill level 6 in Axes
   980 | D:2      | Reached XP level 4. HP: 28/42 MP: 3/3
   980 | D:2      | Reached XP level 5. HP: 32/48 MP: 4/4
  1223 | D:2      | Found Vuciop's Weapon Shoppe.
  1736 | D:3      | Noticed Jessica
  1751 | D:3      | Killed Jessica
  1752 | D:3      | Reached XP level 6. HP: 56/56 MP: 5/5
  2087 | D:4      | Found a white marble altar of Elyvilon.
  2586 | D:4      | Reached skill level 1 in Throwing
  2586 | D:4      | Reached skill level 1 in Dodging
  2608 | D:4      | Noticed a water moccasin
  2614 | D:4      | Killed a water moccasin
  2615 | D:4      | Reached XP level 7. HP: 62/62 MP: 6/6
  2891 | D:5      | Entered Level 5 of the Dungeon
  2891 | D:5      | Found a hide-covered altar of Uskayaw.
  3013 | D:5      | Reached skill level 7 in Axes
  3043 | D:5      | Found a sand-covered staircase.
  3052 | Ossuary  | Entered an ossuary
  3496 | D:5      | Reached XP level 8. HP: 58/70 MP: 7/7
  3768 | D:6      | Reached skill level 5 in Armour
  3768 | D:6      | Reached skill level 5 in Shields
  3905 | D:6      | Noticed Eustachio
  3926 | D:6      | Killed Eustachio
  3927 | D:6      | Reached skill level 8 in Axes
  3927 | D:6      | Reached skill level 1 in Evocations
  4098 | D:6      | Noticed Pikel
  4112 | D:6      | Killed Pikel
  4208 | D:6      | Found a glowing silver altar of Zin.
  4233 | D:6      | Reached XP level 9. HP: 77/78 MP: 8/8
  4280 | D:6      | Reached skill level 9 in Axes
  4838 | D:6      | Noticed Dowan
  4965 | D:6      | Killed Dowan
  5036 | D:6      | Noticed Duvessa
  5050 | D:6      | Killed Duvessa
  5262 | D:7      | Found a staircase to the Ecumenical Temple.
  5270 | Temple   | Entered the Ecumenical Temple
  5295 | Temple   | Became a worshipper of Makhleb the Destroyer
  5645 | D:3      | Reached * piety under Makhleb
  6115 | D:3      | Reached skill level 1 in Invocations
  6505 | D:7      | Reached skill level 10 in Axes
  6705 | D:8      | Found Orhor's Book Emporium.
  6999 | D:8      | Found a shimmering altar of Xom.
  7058 | D:8      | Reached ** piety under Makhleb
  7059 | D:8      | Reached XP level 10. HP: 86/88 MP: 10/10
  7270 | D:8      | Reached skill level 5 in Dodging
  7277 | D:8      | Found a runed translucent gate.
  7278 | D:8      | Found a runed translucent gate.
  7279 | D:8      | Found an opulent altar of Gozag.
  7284 | D:8      | Found a runed translucent gate.
  7293 | D:8      | Noticed Viceroy's ghost (novice FoFi)
  7401 | D:8      | Noticed a two-headed ogre
  7410 | D:8      | Killed a two-headed ogre
  7600 | D:8      | Reached skill level 5 in Throwing
  7901 | D:9      | Found a staircase to the Lair.
  7987 | D:8      | Reached *** piety under Makhleb
  7999 | D:9      | Reached skill level 11 in Axes
  8211 | D:9      | Identified the +0 scale mail of the Sky {Harm rElec Will-
                  | Dex+2}
  8269 | D:9      | Found a snail-covered altar of Cheibriados.
  8299 | D:9      | Found an opulent altar of Gozag.
  8303 | D:9      | Found a stormy altar of Qazlal.
  8563 | D:9      | Found a shimmering blue altar of Sif Muna.
  8600 | D:9      | Found a broken altar of Ashenzari.
  8635 | D:10     | Entered Level 10 of the Dungeon
  8690 | D:10     | Reached XP level 11. HP: 52/95 MP: 12/12
  8816 | D:10     | Noticed Psyche
  8817 | D:10     | Psyche changed into Psyche the wolf
  8817 | D:10     | Noticed Psyche
  8824 | D:10     | Killed Psyche the wolf
  8824 | D:10     | Reached **** piety under Makhleb
  8825 | D:10     | Found a sacrificial altar of Ru.
  9112 | D:11     | Noticed a boulder beetle
  9150 | D:10     | Killed a boulder beetle
  9343 | D:11     | Noticed a two-headed ogre
  9370 | D:10     | Killed a two-headed ogre
  9474 | D:11     | Found a white marble altar of Elyvilon.
  9533 | D:11     | Noticed a two-headed ogre
  9551 | D:11     | Killed a two-headed ogre
  9689 | D:11     | Noticed a two-headed ogre
  9697 | D:11     | Killed a two-headed ogre
  9720 | D:11     | Noticed a two-headed ogre
  9728 | D:11     | Killed a two-headed ogre
  9729 | D:11     | Reached skill level 12 in Axes
  9851 | D:11     | Reached skill level 5 in Evocations
 10250 | D:11     | Found Ucrokhl Lekh's Jewellery Boutique.
 10258 | D:11     | Bought a ring of see invisible for 210 gold pieces
 10607 | D:11     | Noticed a two-headed ogre
 10614 | D:11     | Killed a two-headed ogre
 10965 | D:12     | Reached XP level 12. HP: 66/105 MP: 14/14
 11051 | D:12     | Found a staircase to the Orcish Mines.
 11078 | D:12     | Reached skill level 5 in Invocations
 11480 | D:12     | Noticed a centaur warrior
 11499 | D:12     | Killed a centaur warrior
 11520 | D:12     | Reached skill level 13 in Axes
 11777 | D:12     | Noticed a centaur warrior
 11795 | D:12     | Noticed an ice dragon
 11796 | D:12     | Killed a centaur warrior
 11796 | D:12     | an ice dragon changed into a great orb of eyes
 11796 | D:12     | Noticed a great orb of eyes (glowing shapeshifter)
 11797 | D:12     | Noticed a centaur warrior
 11798 | D:12     | Noticed a rakshasa
 11802 | D:12     | Killed a great orb of eyes
 11819 | D:12     | Killed a rakshasa
 11820 | D:12     | Reached skill level 10 in Fighting
 11824 | D:12     | Killed a centaur warrior
 12006 | D:12     | Reached ***** piety under Makhleb
 12020 | D:12     | Noticed a centaur warrior
 12029 | D:12     | Killed a centaur warrior
 12455 | D:12     | Noticed a two-headed ogre
 12466 | D:12     | Killed a two-headed ogre
 12718 | Orc:1    | Entered Level 1 of the Orcish Mines
 12721 | Orc:1    | Found Samoroa's Antique Armour Shop.
 12865 | Lair:1   | Entered Level 1 of the Lair of Beasts
 12949 | Lair:1   | Reached XP level 13. HP: 114/114 MP: 16/16
 13039 | Lair:1   | Noticed Sonja
 13041 | Lair:1   | Noticed Grum
 13046 | Lair:1   | Killed Sonja
 13056 | Lair:1   | Killed Grum
 13065 | Lair:1   | Noticed Amaemon
 13294 | Lair:1   | Noticed Gastronok
 13321 | Lair:1   | Killed Gastronok
 13322 | Lair:1   | Reached skill level 14 in Axes
 13355 | Lair:1   | Killed Amaemon
 13885 | Lair:2   | Reached skill level 10 in Shields
 13937 | Lair:2   | Reached skill level 10 in Armour
 13967 | Lair:2   | Found a staircase to the Snake Pit.
 14080 | Lair:2   | Noticed Fannar
 14096 | Lair:2   | Killed Fannar
 14625 | Lair:3   | Noticed Nessos
 14669 | Lair:3   | Killed Nessos
 14857 | Lair:3   | Noticed Nergalle
 14869 | Lair:3   | Killed Nergalle
 15094 | Lair:3   | Found a staircase to the Shoals.
 15464 | Lair:4   | Found a hide-covered altar of Uskayaw.
 15466 | Lair:4   | Found an ornate altar of the Wu Jian Council.
 15565 | Lair:4   | Identified the +8 chain mail of Ignis's Hatred {rPois rF-
                  | rC+++ Str-2}
 16020 | Lair:4   | Found a staircase to the Slime Pits.
 16021 | Lair:4   | Found a viscous altar of Jiyva.
 16279 | Lair:5   | Entered Level 5 of the Lair of Beasts
 16321 | Lair:5   | Reached ****** piety under Makhleb
 16691 | Lair:5   | Reached skill level 15 in Axes
 16769 | Lair:5   | Reached XP level 14. HP: 75/124 MP: 18/18
 17540 | Lair:5   | Identified the +7 sling of the Five Emperors {elec, Fragile
                  | rC+ rCorr Str+4}
 18012 | Lair:5   | Found a large runed translucent door.
 18013 | Lair:5   | Found a large runed translucent door.
 18073 | Lair:5   | Identified the +5 battleaxe of Shouting Quick Death {heavy,
                  | Contam rPois rC++ Stlth+}
 18660 | Orc:2    | Entered Level 2 of the Orcish Mines
 18660 | Orc:2    | Found a staircase to the Elven Halls.
 19822 | Orc:2    | Found Eruerphe's Weapon Shop.
 19822 | Orc:2    | Found Zothrur's Jewellery Boutique.
 19825 | Orc:2    | Found Quazu's General Store.
 19827 | Orc:2    | Found Qikuel's Book Shop.
 19833 | Orc:2    | Bought a +0 pair of gloves of dexterity for 161 gold pieces
 20240 | D:8      | Killed Viceroy's ghost
 20400 | Snake:1  | Entered Level 1 of the Snake Pit
 20489 | Snake:1  | Reached skill level 16 in Axes
 20513 | Snake:1  | Noticed Aizul
 20528 | Snake:1  | Killed Aizul
 21101 | Snake:1  | Reached XP level 15. HP: 127/132 MP: 20/20
 21246 | Snake:1  | Found Taxust's Antique Armour Boutique.
 21254 | Snake:1  | Bought the +1 cloak of Starlight {*Dazzle EV+4 Stlth--} for
                  | 1098 gold pieces
 21254 | Snake:1  | Found the +1 cloak of Starlight {*Dazzle EV+4 Stlth--}
 21374 | Snake:2  | Noticed Vashnia
 21468 | Snake:2  | Reached skill level 10 in Dodging
 21487 | Snake:2  | Killed Vashnia
 21868 | Snake:2  | Found Heqem's Jewellery Shoppe.
 21869 | Snake:2  | Found Buppubb's Book Shop.
 21870 | Snake:2  | Found Xoujuim's Jewellery Shoppe.
 22468 | Snake:3  | Found Taxelupo's Weapon Boutique.
 22468 | Snake:3  | Found Leanin's General Store.
 22508 | Snake:3  | Bought a +0 broad axe for 60 gold pieces
 22519 | Snake:3  | Bought a potion of heal wounds for 100 gold pieces
 22519 | Snake:3  | Bought a scroll of teleportation for 60 gold pieces
 22637 | Snake:3  | Reached skill level 17 in Axes
 22725 | Snake:3  | Noticed Jorgrun
 22737 | Snake:3  | Killed Jorgrun
 23412 | Snake:3  | Reached XP level 16. HP: 141/141 MP: 21/21
 23648 | Snake:3  | Found Ostruaschu's CLEARANCE SALE!.
 23666 | Snake:3  | Reached skill level 10 in Throwing
 23724 | Snake:4  | Entered Level 4 of the Snake Pit
 23862 | Snake:4  | Noticed kuniqs's ghost (adept MeGl)
 23863 | Snake:4  | Found a transporter.
 24602 | Snake:4  | Found a transporter.
 25091 | Snake:4  | Reached skill level 18 in Axes
 25883 | Snake:4  | Got a serpentine rune of Zot
 26150 | Snake:4  | Killed kuniqs's ghost
 26422 | Shoals:1 | Entered Level 1 of the Shoals
 26978 | Shoals:1 | Reached XP level 17. HP: 142/151 MP: 23/23
 27256 | Shoals:1 | Reached skill level 10 in Invocations
 28611 | Shoals:3 | Noticed Ilsuiw
 28637 | Shoals:3 | Reached skill level 19 in Axes
 28908 | Shoals:3 | Killed Ilsuiw
 29020 | Shoals:3 | Noticed Polyphemus
 29121 | Shoals:3 | Killed Polyphemus
 29122 | Shoals:3 | Reached skill level 10 in Evocations
 29481 | Shoals:4 | Entered Level 4 of the Shoals
 29667 | Shoals:4 | Paralysed by an air elemental for 1 turns
 29671 | Shoals:4 | Paralysed by an air elemental for 1 turns
 29677 | Shoals:4 | Paralysed by an air elemental for 1 turns
 29722 | Shoals:4 | Paralysed by an air elemental for 1 turns
 29726 | Shoals:4 | Paralysed by an air elemental for 1 turns
 29875 | Shoals:4 | Identified the +1 scale mail of the Bequeathed God {Will+
                  | MP+9 Int+3 Slay+3}
 29924 | Shoals:4 | Noticed a kraken
 30023 | Shoals:4 | Noticed a titan
 30036 | Shoals:4 | Killed a titan
 30070 | Shoals:4 | Killed a kraken
 30091 | Shoals:4 | Got a barnacled rune of Zot
 30250 | Shoals:4 | Found a blossoming altar of Fedhas.
 30279 | Shoals:4 | Paralysed by an air elemental for 1 turns
 30336 | Shoals:4 | Paralysed by an air elemental for 1 turns
 30367 | Shoals:4 | Paralysed by an air elemental for 1 turns
 30370 | Shoals:4 | Paralysed by an air elemental for 1 turns
 30375 | Shoals:4 | Paralysed by an air elemental for 1 turns
 30379 | Shoals:4 | Paralysed by an air elemental for 1 turns
 30576 | Shoals:4 | Found a stormy altar of Qazlal.
 30744 | Shoals:4 | Reached XP level 18. HP: 161/161 MP: 25/25
 30824 | Shoals:4 | Found an iron altar of Okawaru.
 30854 | Shoals:4 | Paralysed by an air elemental for 1 turns
 31631 | D:13     | Found a gate to the Vaults.
 32521 | D:14     | Found a large runed translucent door.
 32521 | D:14     | Found a large runed translucent door.
 32732 | D:14     | Noticed Louise
 32767 | D:14     | Killed Louise
 32880 | D:14     | Found a portal to a secret trove of treasure.
 33178 | D:14     | Paralysed by an air elemental for 1 turns
 33184 | D:14     | Paralysed by an air elemental for 1 turns
 33239 | D:15     | Entered Level 15 of the Dungeon
 33240 | D:15     | Found a hide-covered altar of Uskayaw.
 33595 | D:15     | Reached skill level 20 in Axes
 33924 | D:15     | Found a staircase to the Depths.
 34138 | Elf:1    | Entered Level 1 of the Elven Halls
 34198 | Elf:1    | Reached skill level 15 in Fighting
 34274 | Elf:1    | Found Ica Seic's Armour Shoppe.
 34485 | Elf:1    | Paralysed by an air elemental for 1 turns
 34719 | Elf:1    | Got the Elucidation of the Impact
 34738 | Elf:1    | Found Xysezafomy's Armour Emporium.
 34746 | Elf:1    | Bought the +0 chain mail of the Sky {rPois Will+ rCorr
                  | Dex-2} for 385 gold pieces
 35126 | Elf:2    | Found a shimmering blue altar of Sif Muna.
 35339 | Elf:2    | Found a runed translucent gate.
 35339 | Elf:2    | Found a runed translucent gate.
 35339 | Elf:2    | Found a runed translucent gate.
 36145 | Elf:2    | Reached XP level 19. HP: 170/170 MP: 26/26
 36893 | Vaults:1 | Entered Level 1 of the Vaults
 37162 | Vaults:1 | Reached skill level 15 in Shields
 37404 | Vaults:1 | Reached skill level 15 in Armour
 37406 | Vaults:1 | Noticed Saint Roka
 37422 | Vaults:1 | Killed Saint Roka
 37442 | Vaults:1 | Found Gihas's Armour Boutique.
 37901 | Abyss:2  | Cast into level 2 of the Abyss (a wizard)
 38032 | Abyss:2  | Reached skill level 21 in Axes
 38193 | Abyss:3  | Got an abyssal rune of Zot
 38203 | Vaults:1 | Escaped the Abyss
 38949 | Vaults:2 | Reached XP level 20. HP: 179/180 MP: 28/28
 39222 | Vaults:2 | Noticed Asterion
 39234 | Vaults:2 | Killed Asterion
 39746 | Vaults:3 | Found Laorat's Armour Shop.
 39850 | Vaults:3 | Found a staircase to the Crypt.
 39850 | Vaults:3 | Found an ancient bone altar of Kikubaaqudgha.
 39858 | Vaults:3 | Found a basalt altar of Yredelemnul.
 40323 | Vaults:3 | You fall into a shaft and drop 1 floor!
 40333 | Vaults:4 | Reached skill level 22 in Axes
 41353 | Vaults:4 | Identified the +9 halberd of Jebliw {flame, *Noise Str+4
                  | Int+7}
 42598 | D:11     | Bought the ring "Emamiz" {rF+ rCorr Int+2} for 585 gold
                  | pieces
 42864 | Depths:1 | Entered Level 1 of the Depths
 42867 | Depths:1 | Found a radiant altar of Vehumet.
 43126 | Depths:1 | Found a gateway to Hell.
 43193 | Depths:1 | Reached XP level 21. HP: 161/182 MP: 29/29
 43336 | Depths:1 | Noticed the Enchantress
 43367 | Depths:1 | Killed the Enchantress
 43625 | Depths:1 | Found a one-way gate to the infinite horrors of the Abyss.
 44576 | Depths:2 | Found a one-way gate leading to the halls of Pandemonium.
 44945 | Depths:3 | Noticed Xtahua
 44960 | Depths:3 | Killed Xtahua
 45360 | Depths:3 | Reached skill level 23 in Axes
 45517 | Depths:3 | Reached skill level 15 in Dodging
 45666 | Depths:3 | Identified the +6 glaive of Earthquakes {heavy, rC+++ Str-2
                  | Dex+3}
 45878 | Depths:3 | Found a one-way gateway to a ziggurat.
 46375 | Depths:4 | Entered Level 4 of the Depths
 47478 | Depths:4 | Noticed a golden dragon
 47480 | Depths:4 | Found a gate to the Realm of Zot.
 47481 | Depths:4 | Noticed a golden dragon
 47485 | Depths:4 | Killed a golden dragon
 47490 | Depths:4 | Killed a golden dragon
 47743 | Depths:4 | Reached XP level 22. HP: 174/200 MP: 31/31
 48056 | Zot:1    | Entered Level 1 of the Realm of Zot
 48408 | Zot:1    | Found a transporter.
 48584 | Zot:1    | Found a transporter.
 49049 | Zot:1    | Noticed a curse toe
 49067 | Zot:1    | HP: 1/192 [green draconian monk (11)]
 49067 | Zot:1    | Slain by a green draconian monk

Illustrated notes

Levels and vault maps discovered:
D:1:      dpeg_arrival_solitude, layout_loops_ring,
          shapermc_ecumenical_altar_notcrosses, minivault_19,
          lexackson_kobold_supper
D:2:      layout_loops_ring, serial_shops, nicolae_diamond_shop, uniq_sigmund
D:3:      lemuel_castle_with_subvaults [lemuel_castle_interior_carwin_1],
          layout_rooms, kennysheep_another_room, uniq_jessica
D:4:      layout_loops_ring, overflow_temple_1_default
D:5:      layout_rooms, mainiacjoe_overflow_alcove_2, enter_ossuary_1,
          st_stairs_3
D:6:      layout_rooms, mainiacjoe_overflow_alcove_1, uniq_duvessa,
          uniq_eustachio, uniq_pikel
D:7:      layout_rooms, temple_fountains,
          hangedman_abyss_or_decor_jellyfish_corner
D:8:      layout_basic, old_standard_altar, ebering_ghost_gozag, special_room
          [special_room_orc], serial_shops, nicolae_stop_n_shop_2
D:9:      layout_cross, cheibrodos_ashenzari_chains, grunt_temple_overflow_open,
          mainiacjoe_overflow_concentric_impassable, slow_altar_2,
          erik_lair_orcish_takeover
D:10:     layout_gridville, nicolae_overflow_hidden_temple, uniq_psyche
D:11:     layout_gridville, serial_shops, nicolae_square_shop,
          hangedman_decor_slide_cut, elyvilon_altar_4
D:12:     hangedman_cross_veins, layout_long_grid, david_orc_3
D:13:     layout_stronghold, erik_vaults_2
D:14:     layout_loops_ring, nicolae_trove_entry_columns, dk_noncrumbling_2,
          lightli_elemental_guards, uniq_louise
D:15:     grunt_enter_depths_magical_seal, layout_stronghold,
          hangedman_decor_lopped, eat_drink_and_be_merry_uskayaw
Temple:   minmay_temple_bridge_abc
Lair:1:   layout_roguey, chequers_serial_rivers_micro_c, lemuel_fruit_fields,
          serial_bayou_shore_b, uniq_sonja, uniq_amaemon, uniq_grum,
          uniq_gastronok
Lair:2:   layout_loops_ring, dummy_snake_entry, grunt_megastairs_1, uniq_fannar
Lair:3:   layout_chaotic_city, minmay_shoals_entry_centaurs, uniq_nessos,
          uniq_nergalle
Lair:4:   layout_cave_pods, slime_entry_1, nzn_masters_of_martial_movement,
          serial_bayou_shore_b
Lair:5:   cheibrodos_lair_end_hotspot, layout_small_grid, minmay_lair_drake_nest
Shoals:1: layout_shoals
Shoals:2: layout_shoals, nicolae_shoals_loop_pool
Shoals:3: layout_shoals, uniq_polyphemus, uniq_ilsuiw
Shoals:4: shoals_end_hellmonk_storm_palace [storm_palace_center_circular,
          storm_palace_corner_altar, storm_palace_corner_narrow,
          storm_palace_corner_altar, storm_palace_corner_altar]
Snake:1:  layout_misc_corridors, serial_shops, nicolae_shop_hallway_stairs,
          uniq_aizul
Snake:2:  layout_gridlike, nicolae_snake_slithery_hallway, minmay_shop_grove,
          uniq_vashnia
Snake:3:  layout_basic, nicolae_shop_clearance, grunt_megastairs_4,
          minmay_shoptagon, uniq_jorgrun
Snake:4:  minmay_snake_end_coiled, layout_cave_town, gammafunk_ghost_arena,
          st_stairs_12, nicolae_snake_boneroom
Orc:1:    nicolae_orc_accident_2, layout_caves, serial_shops,
          nicolae_lakefront_shop
Orc:2:    st_orc_mages, layout_caves, basic_altar
Elf:1:    elf_arrival_002, layout_geoelf_octagon, serial_shops, shop,
          nicolae_shop_hallway_stairs, minmay_elf_annihilation, st_stairs_4,
          amcnicky_mini_corridor_feature
Elf:2:    elven_hall_of_blades_hangedman_original
          [nicolae_blade_entry_antechamber], layout_loops_corners, basic_altar
Vaults:1: hangedman_vaults_variations, vaults_dpeg_hooks, v_misc_13,
          vaults_room_corners, hangedman_vaults_stretched_pinwheel,
          vaults_mumra_minichess, v_pattern_4, vaults_mumra_chevron,
          nicolae_vaults_sealed_display, serial_ice_m, layout_vaults_omnigrid,
          serial_shops, nicolae_square_shop, uniq_saint_roka
Vaults:2: ontoclasm_vaults_claustrophobia, vaults_standard_mumra_x, v_misc_14,
          nicolae_vaults_circle_grid_b, hangedman_vaults_corner_blocks,
          hangedman_vaults_nodes, nicolae_vaults_little_squares_2,
          grunt_vaults_diagonal, nicolae_vaults_three_branches, v_alt_pattern_6,
          nicolae_vaults_yaktaur_gun_rack, hangedman_vaults_maws,
          nicolae_vaults_shelves_hall, serial_ice_b, layout_vaults_ring,
          uniq_asterion
Vaults:3: minmay_crypt_entry_necro_gods, v_misc_27, st_lines,
          vaults_room_corners, grunt_vaults_hallway_long, vaults_room_pool,
          ontoclasm_vaults_decontamination, layout_vaults_omnibox, serial_shops,
          shop
Vaults:4: hangedman_vaults_stitches, v_misc_29, nicolae_vaults_shelves_hall,
          vaults_dpeg_ring, vaults_room_door_ring, grunt_vaults_twisty,
          hangedman_vaults_trim, nicolae_vaults_little_squares_3,
          grunt_vaults_focal, layout_vaults_big_room
Depths:1: layout_cave_shapes, minmay_room_of_horrors, pf_hell_entry_tar_river,
          fiery_altar_vehumet, nicolae_danse_macabre, uniq_enchantress
Depths:2: dreamdust_tengu_aerie, layout_honeycomb, pf_dread_powers_of_hell,
          rand_demon_pan_entry_8
Depths:3: nzn_winding_woodlands_three_and_one
          [nzn_winding_woodlands_5x15_pockets, nzn_winding_woodlands_5x15_pool,
          nzn_winding_woodlands_5x15_sidewinder,
          nzn_winding_woodlands_center_pierced_h], layout_cave_shapes,
          enter_ziggurat_a, minmay_misc_feat_rugged, pan_entry, abyss_entry,
          grunt_hell_entry_dis_old, minivault_14, uniq_xtahua
Depths:4: grunt_zot_entry_tricorne, layout_gridlike, hellmouth_2,
          minmay_misc_feat_alley, minmay_statues_item
Zot:1:    gammafunk_its_a_trap, layout_cellular_growth

Skill      XL: |  1  2  3  4  5  6  7  8  9 10 11 12 13 14 15 16 17 18 19 20 21 22 |
---------------+-------------------------------------------------------------------+-----
Axes           | 3 4 6 7 8 10 11 12 13 15 16 17 18 19 20 21 22 23 | 23.6
Fighting       | 4 5 6 7 8 9 10 11 12 13 14 15 16 17 | 17.6
Throwing       | 1 2 3 4 5 6 7 8 9 10 11 12 13 14 | 14.3
Dodging        | 1 2 3 4 5 6 7 8 9 10 11 12 13 14 15 | 15.4
Armour         | 4 5 6 7 8 9 10 11 12 13 14 15 16 17 | 17.2
Shields        | 4 5 6 7 8 9 10 11 12 13 14 15 16 17 | 17.3
Evocations     | 2 3 4 5 6 7 8 9 10 11 12 13 | 13.0
Invocations    | 1 3 4 6 7 8 9 10 11 12 13 | 13.8

Action                     |  1- 3 |  4- 6 |  7- 9 | 10-12 | 13-15 | 16-18 | 19-21 | 22-24 || total
---------------------------+-------+-------+-------+-------+-------+-------+-------+-------++-------
  Melee: War axe           |   145 |    77 |   401 |   596 |  1165 |  1756 |   487 |       ||  4627
         Headbutt          |    35 |     7 |    88 |   144 |   296 |   451 |   375 |    40 ||  1436
         Broad axe         |       |       |       |       |       |       |   700 |   152 ||   852
  Throw: Throwing net      |     1 |       |       |       |       |       |       |       ||     1
         Boomerang         |       |       |     3 |     4 |    24 |    61 |     3 |       ||    95
         Javelin           |       |       |       |       |       |    14 |    15 |       ||    29
 Invoke: Minor Destruction |       |       |       |    34 |    25 |     2 |     3 |       ||    64
         Lesser Servant of |       |       |       |     1 |       |       |       |       ||     1
         Greater Servant o |       |       |       |       |       |     3 |     1 |       ||     4
  Evoke: Wand              |       |       |       |     7 |     8 |     6 |     2 |       ||    23
    Use: Potion            |     1 |     1 |     2 |     3 |     5 |     6 |     6 |     2 ||    26
         Scroll            |       |     5 |     6 |    19 |    11 |     8 |     6 |       ||    55
   Stab: Petrified         |       |       |       |       |     2 |       |       |       ||     2
         Invisible         |       |       |       |       |     9 |     7 |    25 |     6 ||    47
 Armour: Scale mail        |    24 |    18 |    17 |       |       |       |       |       ||    59
         Chain mail        |       |       |   132 |       |   467 |   673 |   466 |       ||  1738
         Plate armour      |       |       |     4 |   308 |    80 |       |       |       ||   392
         Gold dragon scale |       |       |       |       |       |       |    10 |   131 ||   141
  Dodge: Dodged            |    35 |    41 |   139 |   180 |   404 |   713 |   774 |   105 ||  2391
         Repelled          |       |       |       |       |       |     8 |       |       ||     8
  Block: Buckler           |    12 |    16 |    90 |       |       |       |       |       ||   118
         Kite shield       |       |       |    28 |   414 |   575 |  1008 |   934 |   129 ||  3088

Table legend: (Time is in decaauts)
 A = Elapsed time spent in this place.
 B = Non-inter-level travel time spent in this place.
 C = Inter-level travel time spent in this place.
 D = Time resting spent in this place.
 E = Time spent auto-exploring this place.
 F = Levels seen in this place.
 G = Mean time per level.
                   A        B        C        D        E       F      G
               +--------+--------+--------+--------+--------+-----+--------+
         Total |  48786 |  43900 |   4886 |   8680 |  15518 |  45 | 1084.1 |
       Dungeon |  17129 |  14592 |   2537 |   3341 |   6473 |  15 | 1141.9 |
        Temple |     48 |     26 |     22 |      0 |      0 |   1 |   48.0 |
          Lair |   5875 |   5274 |    601 |   1142 |   2304 |   5 | 1175.0 |
        Shoals |   4477 |   4294 |    183 |    823 |    410 |   4 | 1119.2 |
     Snake Pit |   5655 |   5298 |    357 |   1282 |   1057 |   4 | 1413.8 |
  Orcish Mines |   1584 |   1483 |    101 |    112 |    607 |   2 |  792.0 |
   Elven Halls |   2355 |   2260 |     95 |    174 |   1356 |   2 | 1177.5 |
        Vaults |   4834 |   4193 |    641 |    349 |   1483 |   4 | 1208.5 |
        Depths |   5161 |   4925 |    236 |   1062 |   1706 |   4 | 1290.2 |
           Zot |   1021 |    911 |    110 |    250 |     94 |   1 | 1021.0 |
         Abyss |    310 |    310 |      0 |     38 |      0 |   2 |  155.0 |
       Ossuary |    330 |    330 |      0 |    104 |     27 |   1 |  330.0 |
               +--------+--------+--------+--------+--------+-----+--------+

Top non-repeatable levels by time:
    D:12: 2575 daAuts
 Snake:4: 2384 daAuts
  Lair:5: 1826 daAuts
Depths:4: 1664 daAuts
    D:11: 1661 daAuts
Depths:3: 1539 daAuts
     D:8: 1498 daAuts
    D:13: 1431 daAuts
   Elf:2: 1427 daAuts
Vaults:1: 1405 daAuts
Shoals:4: 1400 daAuts
Shoals:3: 1321 daAuts
Vaults:2: 1243 daAuts
 Snake:3: 1224 daAuts
     D:3: 1175 daAuts
